 Dungeon Crawl Stone Soup version 0.32-a0-22-g6ae6769602 (webtiles) character file.

Game seed: 8619597891098700992

37430 Dittersdorf the Blocker (level 13, -20/88 HPs)
             Began as a Gargoyle Fighter on Jan 18, 2024.
             Was an Initiate of Gozag.
             Demolished by a minotaur
             ... wielding a +2 heavy battleaxe
              (29 damage)
             ... in a Gauntlet.
             The game lasted 00:30:15 (19429 turns).

Dittersdorf the Blocker (Gargoyle Fighter)         Turns: 19429, Time: 00:30:15

Health: -20/88     AC: 35    Str: 23    XL:     13   Next: 96%
Magic:  5/13       EV: 15    Int:  8    God:    Gozag
Gold:   2517       SH:  7    Dex: 13    Spells: 12/12 levels left

rFire   . . .        a - +1 flail (protect)
rCold   . . .        c - +0 buckler
rNeg    + + +        j - +2 ring mail "Guefiat" {rN++ Int-3 Dex+4 Slay+3}
rPois   ∞            o - +1 helmet {SInv}
rElec   +            J - +0 cloak {rCorr}
rCorr   +            m - +1 pair of gloves {infuse}
SInv    +            n - +0 pair of boots
Will    .....        G - amulet of regeneration
Stlth   +            d - +5 ring of evasion
HPRegen 1.14/turn    i - ring of see invisible
MPRegen 0.13/turn

%: no teleportation, infuse magic (1 MP)
@: under a protective aura
A: sickness immunity, AC +9, negative energy resistance 1, electricity
resistance, torment resistance 1, petrification resistance
a: Renounce Religion, Potion Petition, Call Merchant, Bribe Branch


You were in a Gauntlet.
You worshipped Gozag.
Gozag was most pleased with you.
You visited 3 branches of the dungeon, and saw 15 of its levels.
You also visited: Gauntlet.

You collected 3595 gold pieces.
You spent 1009 gold pieces at shops.
You paid 69 gold pieces to Gozag.

Inventory:

Hand Weapons
 a - a +1 flail of protection (weapon)
 r - the +5 falchion of Dust {heavy, rN+ Str+2 Int-4 SInv}
   (You found it in a Gauntlet)

   Str+2:     It affects your strength (+2).
   Int-4:     It affects your intelligence (-4).
   rN+:       It protects you from negative energy.
   SInv:      It lets you see invisible.
Armour
 c - a +0 buckler (worn)
 j - the +2 ring mail "Guefiat" (worn) {rN++ Int-3 Dex+4 Slay+3}
   (You found it on level 2 of the Lair of Beasts)

   Int-3:     It affects your intelligence (-3).
   Dex+4:     It affects your dexterity (+4).
   Slay+3:    It affects your accuracy & damage with ranged weapons and melee
   (+3).
   rN++:      It greatly protects you from negative energy.
 m - a +1 pair of gloves of infusion (worn)
 n - a +0 pair of boots (worn)
 o - a +1 helmet of see invisible (worn)
 v - a +0 pair of gloves
 J - a +0 cloak of preservation (worn)
Jewellery
 d - a +5 ring of evasion (left hand)
 i - a ring of see invisible (right hand)
 l - a ring of resist corrosion
 G - an amulet of regeneration (around neck)
 H - an amulet of reflection
 I - a ring of fire
Wands
 x - a wand of iceblast (5) (quivered)
Scrolls
 e - 10 scrolls of teleportation
 g - 4 scrolls of fog
 p - a scroll of silence
 q - 2 scrolls of brand weapon
 B - a scroll of butterflies
 D - 3 scrolls of fear
 E - a scroll of identify
 F - 2 scrolls of enchant weapon
Potions
 b - 2 potions of might
 f - a potion of berserk rage
 h - a potion of cancellation
 k - 3 potions of brilliance
 s - 8 potions of heal wounds
 t - 6 potions of haste
 u - a potion of ambrosia
 w - a potion of magic
 z - 3 potions of invisibility
 A - 4 potions of mutation
 C - a potion of enlightenment
Miscellaneous
 y - a phantom mirror


   Skills:
 + Level 13.4 Fighting
 + Level 12.1 Maces & Flails
 + Level 13.4 Armour
 + Level 13.5 Shields


You had 12 spell levels left.
You didn't know any spells.
Your spell library contained the following spells:

 Spells                   Type           Power      Damage    Failure   Level
 Dazzling Flash           Conj/Hex       0%         N/A       90%         3
 Frozen Ramparts          Ice            0%         1d1       90%         3
 Mephitic Cloud           Conj/Alch/Air  0%         N/A       90%         3
 Tukima's Dance           Hex            0%         N/A       90%         3
 Brom's Barrelling Bould  Conj/Erth      0%         2d3       100%        4
 Dimensional Bullseye     Hex/Tloc       0%         N/A       100%        4
 Iskenderun's Mystic Bla  Conj/Tloc      0%         2d3       100%        4
 Leda's Liquefaction      Alch/Erth      0%         N/A       100%        4
 Petrify                  Alch/Erth      0%         N/A       100%        4
 Curse of Agony           Necr           0%         N/A       100%        5
 Fireball                 Conj/Fire      0%         3d3       100%        5
 Iskenderun's Battlesphe  Conj           0%         2d6       100%        5
 Metabolic Englaciation   Hex/Ice        0%         N/A       100%        5
 Silence                  Hex/Air        0%         N/A       100%        5
 Conjure Ball Lightning   Conj/Air       0%         3x3d6     100%        6
 Orb of Destruction       Conj           0%         9d5       100%        7


Dungeon Overview and Level Annotations

Branches:
Dungeon (10/15)            Temple (1/1) D:4            Lair (4/5) D:10
 Shoals (0/4) Lair:2        Snake (0/4) Lair:2          Orc (0/2) D:9
Gauntlet (1/1)
  Slime: Lair:4-5

Altars:
Ashenzari
Cheibriados
Dithmenos
Elyvilon
Fedhas
Gozag
Hepliaklqana
Kikubaaqudgha
Makhleb
Nemelex Xobeh
Okawaru
Qazlal
Ru
Sif Muna
Trog
Uskayaw
Vehumet
Wu Jian
Xom
Yredelemnul
Zin
The Shining One

Shops:
D:1 *   D:2 [   D:5 ?

Annotations:
Lair:4 1 runed translucent door, jasper's ghost, journeyman AtAl Gauntlet 12 transporters, exclusion: obsidian statue


Innate Abilities, Weirdness & Mutations

You are immune to sickness and miasma.
Your stone body is resilient. (AC +9)
You are immune to poison.
You resist negative energy. (rN+)
You are resistant to electric shocks. (rElec)
You are resistant to unholy torment.
You are immune to petrification.


Message History

Your weapon exudes an aura of protection.
The minotaur is lightly wounded.
The minotaur hits you but does no damage.
The minotaur gores you but does no damage.
You hit the minotaur but do no damage.
The minotaur is lightly wounded.
You sock the minotaur!
The minotaur is moderately wounded.
The minotaur hits you with a +2 heavy battleaxe.
You block the minotaur's attack.
You hit the minotaur.
The minotaur is moderately wounded.
You bludgeon the minotaur!!
The minotaur is severely wounded.
The minotaur hits you with a +2 heavy battleaxe!!!
The minotaur gores you but does no damage.
You hit the minotaur.
The minotaur is severely wounded.
You completely miss the minotaur.
The minotaur is severely wounded.
The minotaur hits you with a +2 heavy battleaxe!
The minotaur gores you.
You thump the minotaur!
The minotaur is almost dead.
You barely miss the minotaur.
The minotaur is almost dead.
The minotaur hits you with a +2 heavy battleaxe.
You block the minotaur's attack.
You completely miss the minotaur.
The minotaur is almost dead.
The minotaur hits you with a +2 heavy battleaxe!!
* * * LOW HITPOINT WARNING * * *
The minotaur misses you.
You hit the minotaur but do no damage.
The minotaur is almost dead.
You hit the minotaur but do no damage.
The minotaur is almost dead.
The minotaur hits you with a +2 heavy battleaxe!!
You die...
Your body crumbles into a pile of gold.

## .. #. #.## ..# #H# #########@#
#.........# #.###.#######
#.........# #########.#########
#§...............§#
####8..©.©.©.©.©.©..8#### ### ###
#8##≈...............≈##8# #8# #8#
#################################


You could see a minotaur.

Vanquished Creatures
  2 centaur warriors (D:10)
  2 hydras
  4 two-headed ogres
  4 death yaks
  Pikel (D:5)
  An ugly thing (D:10)
  A worldbinder (Gauntlet)
  A moth of wrath (Gauntlet)
  A merfolk siren (Lair:2)
  12 elephants
  3 black mambas
  A torpor snail (Lair:1)
  6 cane toads
  An unseen horror (D:10)
  2 rime drakes
  3 komodo dragons
  2 kobold demonologists (D:10)
  A hellion (Gauntlet)
  A red devil (Gauntlet)
  2 trolls
  4 hornets
  3 polar bears
  Prince Ribbit (D:5)
  16 blink frogs
  A shadow (D:10)
  The ghost of soberseth the Conjurer, an amateur DECj of Vehumet (D:5)
  9 wyverns
  36 yaks
  Eustachio (D:6)
  A steam dragon (D:9)
  2 basilisks
  Grum (D:8)
  4 nagas (Lair:2)
  2 acid dragons
  3 black bears
  3 water moccasins
  6 orc warriors
  An ice beast (D:7)
  A sky beast (D:6)
  11 wolves
  2 boggarts (Gauntlet)
  6 centaurs
  3 kobold brigands
  2 phantoms
  8 bullfrogs
  A scorpion (D:5)
  9 wights (D:9)
  8 killer bees
  2 electric eels (Lair:2)
  4 howler monkeys (D:7)
  A jelly (D:5)
  A gnoll bouda (D:9)
  2 bombardier beetles
  2 orc priests
  A sleepcap (D:6)
  3 iguanas
  11 orc wizards
  A centaur simulacrum (D:5)
  2 scorpion simulacra (D:5)
  5 adders
  A hound simulacrum (D:5)
  4 white imps
  4 ufetubi
  3 ribbon worms
  A dart slug (D:4)
  An adder simulacrum (D:5)
  39 orcs
  2 bats
  5 endoplasms
  A giant cockroach (D:4)
  2 goblins (D:1)
  5 hobgoblins
  7 jackals
  3 quokkas
  5 ball pythons
  3 frilled lizards
  16 kobolds
  7 rats
341 creatures vanquished.

Vanquished Creatures (others)
  An orc wizard (D:9)
  2 orcs (D:9)
3 creatures vanquished.

Grand Total: 344 creatures vanquished

Notes
Turn   | Place    | Note
-------+----------+-------------------------------------------
     0 | D:1      | Dittersdorf the Gargoyle Fighter began the quest for the
                  | Orb.
     0 | D:1      | Reached XP level 1. HP: 14/14 MP: 1/1
   201 | D:1      | Reached XP level 2. HP: 13/19 MP: 2/2
   270 | D:1      | Found Rutud's Assorted Antiques.
   763 | D:1      | Reached XP level 3. HP: 23/23 MP: 3/3
  1015 | D:2      | Found Neski's Antique Armour Emporium.
  1406 | D:2      | Found a faded altar of an unknown god.
  1958 | D:3      | Reached XP level 4. HP: 29/29 MP: 4/4
  2037 | D:4      | Noticed a black bear
  2233 | D:3      | Reached XP level 5. HP: 33/33 MP: 5/5
  2627 | D:4      | Noticed a wyvern
  2632 | D:4      | Killed a wyvern
  2633 | D:4      | Reached XP level 6. HP: 3/40 MP: 6/6
  2978 | D:4      | Found a shimmering altar of Xom.
  2980 | D:4      | Found a shadowy altar of Dithmenos.
  2980 | D:4      | Found a shimmering altar of Xom.
  2982 | D:4      | Found a shimmering altar of Xom.
  2982 | D:4      | Found a glowing silver altar of Zin.
  2982 | D:4      | Found a burning altar of Makhleb.
  3127 | D:4      | Found a staircase to the Ecumenical Temple.
  3139 | Temple   | Entered the Ecumenical Temple
  3157 | Temple   | Became a worshipper of Gozag Ym Sagoz the Greedy
  3209 | D:4      | Killed a black bear
  3210 | D:4      | Reached skill level 5 in Fighting
  3210 | D:4      | Reached skill level 5 in Armour
  3210 | D:4      | Reached skill level 5 in Shields
  3210 | D:4      | Reached XP level 7. HP: 44/44 MP: 7/7
  3236 | D:4      | Found a bloodstained altar of Trog.
  3537 | D:5      | Entered Level 5 of the Dungeon
  3606 | D:5      | Found Worikehei's Magic Scroll Boutique.
  3677 | D:5      | Found a runed translucent gate.
  3677 | D:5      | Found a runed translucent gate.
  3680 | D:5      | Found a runed translucent gate.
  3690 | D:5      | Noticed Prince Ribbit
  3715 | D:5      | Killed Prince Ribbit
  3716 | D:5      | Reached XP level 8. HP: 15/51 MP: 8/8
  3908 | D:5      | Noticed soberseth's ghost (amateur DECj)
  4474 | D:6      | Reached skill level 5 in Maces & Flails
  4555 | D:6      | Noticed Eustachio
  4612 | D:6      | Killed Eustachio
  4978 | D:6      | Noticed Pikel
  5044 | D:5      | Killed Pikel
  5045 | D:5      | Reached XP level 9. HP: 34/57 MP: 9/9
  5314 | D:2      | Bought a fine buckler for 228 gold pieces
  5314 | D:2      | Identified the +0 buckler of Furiwk {Rampage ^Drain Int+6}
                  | (You bought it in a shop on level 2 of the Dungeon)
  6874 | D:8      | Noticed a two-headed ogre
  6892 | D:8      | Killed a two-headed ogre
  7181 | D:8      | Reached XP level 10. HP: 64/64 MP: 10/10
  7317 | D:8      | Identified the +6 mace of Greatest Utility {flame, *Slow
                  | rPois Str+4 Dex+3}
  7473 | D:8      | Noticed Grum
  7489 | D:8      | Killed Grum
  8495 | D:9      | Found a staircase to the Orcish Mines.
  8942 | D:9      | Noticed a two-headed ogre
  8963 | D:9      | Killed a two-headed ogre
  8964 | D:9      | Reached XP level 11. HP: 54/72 MP: 11/11
  9391 | D:1      | Bought a pitted plate armour for 616 gold pieces
  9391 | D:1      | Identified the +7 plate armour "Myut" {^Drain rElec Dex+3}
                  | (You bought it in a shop on level 1 of the Dungeon)
  9392 | D:1      | Bought a pair of runed gloves for 165 gold pieces
  9777 | D:9      | Identified the +0 leather armour of a wizard's laboratory
                  | {Fly Regen+ Dex+8 Stlth-}
 10429 | D:10     | Entered Level 10 of the Dungeon
 10453 | D:9      | Reached skill level 10 in Shields
 10551 | D:9      | Reached skill level 10 in Fighting
 10559 | D:9      | Reached skill level 10 in Armour
 11037 | D:10     | Identified the +6 falchion of the Middle {spect, *Noise
                  | rF++ rCorr}
 11050 | D:10     | Noticed a two-headed ogre
 11063 | D:10     | Killed a two-headed ogre
 11140 | D:10     | Noticed a two-headed ogre
 11152 | D:10     | Killed a two-headed ogre
 11522 | D:10     | Found a staircase to the Lair.
 11697 | D:10     | Found a snail-covered altar of Cheibriados.
 11948 | D:10     | Noticed a purple ugly thing
 11969 | D:10     | Killed a purple ugly thing
 12138 | D:10     | Noticed a centaur warrior
 12139 | D:10     | Noticed a centaur warrior
 12164 | D:10     | Killed a centaur warrior
 12165 | D:10     | Reached XP level 12. HP: 70/80 MP: 0/12
 12174 | D:10     | Killed a centaur warrior
 12193 | D:10     | Reached skill level 10 in Maces & Flails
 12709 | Lair:1   | Entered Level 1 of the Lair of Beasts
 13665 | Lair:1   | Noticed a death yak
 13789 | D:10     | Killed a death yak
 14146 | Lair:1   | Noticed a death yak
 14194 | Lair:1   | Killed a death yak
 14931 | Lair:2   | Reached XP level 13. HP: 72/86 MP: 6/13
 15186 | Lair:2   | Identified the +2 ring mail "Guefiat" {rN++ Int-3 Dex+4
                  | Slay+3}
 15824 | Lair:2   | Found a staircase to the Shoals.
 15975 | Lair:2   | Found a staircase to the Snake Pit.
 15993 | Lair:2   | Found an iron altar of Okawaru.
 17945 | D:5      | Killed soberseth's ghost
 18246 | Lair:4   | Identified the +3 scale mail "Weodug" {Str+6 Int-4 Dex-3
                  | Slay+6}
 18247 | Lair:4   | Found a runed translucent door.
 18262 | Lair:4   | Noticed jasper's ghost (journeyman AtAl)
 18568 | Lair:4   | Found a gate leading to a gauntlet.
 18577 | Gauntlet | Entered a Gauntlet
 18577 | Gauntlet | Found a transporter.
 18634 | Gauntlet | Found a transporter.
 18649 | Gauntlet | Found a transporter.
 18654 | Gauntlet | Found a transporter.
 18671 | Gauntlet | Found a transporter.
 18688 | Gauntlet | Found a transporter.
 18700 | Gauntlet | Found a transporter.
 18706 | Gauntlet | Found a transporter.
 18721 | Gauntlet | Found a transporter.
 18733 | Gauntlet | Found a transporter.
 18745 | Gauntlet | Found a transporter.
 18762 | Gauntlet | Found a transporter.
 18762 | Gauntlet | Found a transporter.
 18782 | Gauntlet | Found a transporter.
 18871 | Gauntlet | Found a transporter.
 18898 | Gauntlet | Found a transporter.
 18925 | Gauntlet | Found a transporter.
 18929 | Gauntlet | Found a transporter.
 19397 | Gauntlet | Identified the +5 falchion of Dust {heavy, rN+ Str+2 Int-4
                  | SInv}
 19417 | Gauntlet | Noticed a minotaur
 19429 | Gauntlet | Demolished by a minotaur

Illustrated notes

Levels and vault maps discovered:
D:1:      roderic_octagonal_star, layout_loops_cross, serial_shops, shop,
          st_stairs_3, minmay_pentomino_x4
D:2:      layout_basic, hellmonk_ecumenical_altar_inner_sanctum, serial_shops,
          shop, nrook_uturn, chequers_serial_rivers_micro_e
D:3:      layout_basic, minmay_misc_feat_alley
D:4:      layout_gridville, mainiacjoe_overflow_paths, doesnt_xom_only_xom,
          minmay_temple_entry_junction_2
D:5:      layout_basic, serial_shops, shop, gammafunk_ghost_icy,
          uniq_prince_ribbit1
D:6:      layout_gridville, hangedman_decor_peaks_small,
          nicolae_zen_rock_garden, kennysheep_generic_room_11, uniq_pikel,
          uniq_eustachio
D:7:      layout_cave_pods
D:8:      layout_basic, uniq_grum
D:9:      kennysheep_ambush_hall, layout_basic, david_orc_3
D:10:     nzn_winding_woodlands_three_and_one
          [nzn_winding_woodlands_5x15_longhouse,
          nzn_winding_woodlands_5x15_garden, nzn_winding_woodlands_5x15_crooked,
          nzn_winding_woodlands_center_garden], layout_irregular_city,
          cheibrodos_worm_habitat, david_lair_shrubbed
Temple:   hellmonk_temple_of_storms
Lair:1:   layout_cave_pods
Lair:2:   layout_regular_city, elwin_shoals_entry_rooms,
          minmay_snake_entry_guardpost_small, basic_altar
Lair:3:   layout_hall_layers, serial_bayou_shore_b
Lair:4:   layout_small_grid, nicolae_slime_entry_field_trip,
          gammafunk_ghost_grave, gauntlet_entry_generic,
          chequers_serial_rivers_small_a, beast_lair_carwin_1,
          grunt_megastairs_4
Gauntlet: gammafunk_gauntlet_one_two_three [gammafunk_gauntlet_arena_split_x,
          gammafunk_gauntlet_arena_spirals, nicolae_gauntlet_arena_t_cross,
          nicolae_gauntlet_arena_flowing_pool, nicolae_gauntlet_arena_quarters,
          gammafunk_gauntlet_arena_grid, gammafunk_gauntlet_arena_chambers,
          gammafunk_gauntlet_arena_arrow_garden, nicolae_gauntlet_arena_blocks,
          dreamdust_gauntlet_exit_labyrinth]

Skill      XL: |  1  2  3  4  5  6  7  8  9 10 11 12 13 |
---------------+----------------------------------------+-----
Fighting       | 4 5 7 8 9 11 12 13 | 13.4
Armour         | 4 5 7 8 9 11 12 13 | 13.4
Shields        | 4 5 7 8 9 11 12 13 | 13.5
Maces & Flails | 3 4 6 7 8 9 11 12 | 12.1

Action                     |  1- 3 |  4- 6 |  7- 9 | 10-12 | 13-15 || total
---------------------------+-------+-------+-------+-------+-------++-------
  Melee: Flail             |   143 |   114 |   398 |  1052 |   517 ||  2224
  Evoke: Wand              |       |       |    17 |     3 |     2 ||    22
    Use: Scroll            |       |    12 |     6 |     8 |     2 ||    28
         Potion            |       |     1 |     1 |     1 |     4 ||     7
   Stab: Distracted        |       |       |     1 |     3 |     2 ||     6
 Armour: Scale mail        |    85 |       |       |       |       ||    85
         Chain mail        |    38 |    99 |   324 |   663 |    25 ||  1149
         Ring mail         |       |       |       |       |   315 ||   315
  Dodge: Dodged            |    77 |    46 |   432 |   604 |   299 ||  1458
  Block: Buckler           |    30 |    27 |   139 |   305 |   182 ||   683

Table legend: (Time is in decaauts)
 A = Elapsed time spent in this place.
 B = Non-inter-level travel time spent in this place.
 C = Inter-level travel time spent in this place.
 D = Time resting spent in this place.
 E = Time spent auto-exploring this place.
 F = Levels seen in this place.
 G = Mean time per level.
                   A        B        C        D        E       F      G
               +--------+--------+--------+--------+--------+-----+--------+
         Total |  19527 |  17865 |   1662 |   2553 |  10556 |  16 | 1220.4 |
       Dungeon |  13525 |  12103 |   1422 |   2063 |   6834 |  10 | 1352.5 |
        Temple |     36 |      2 |     34 |      0 |      0 |   1 |   36.0 |
          Lair |   5129 |   4924 |    205 |    276 |   3405 |   4 | 1282.2 |
      Gauntlet |    836 |    836 |      0 |    214 |    316 |   1 |  836.0 |
               +--------+--------+--------+--------+--------+-----+--------+

Top non-repeatable levels by time:
     D:9: 2530 daAuts
    D:10: 2047 daAuts
  Lair:1: 1937 daAuts
  Lair:2: 1697 daAuts
     D:8: 1403 daAuts
     D:5: 1305 daAuts
     D:4: 1254 daAuts
     D:6: 1204 daAuts
  Lair:3: 1157 daAuts
     D:7: 1062 daAuts
     D:1: 1052 daAuts
     D:3: 876 daAuts
Gauntlet: 836 daAuts
     D:2: 787 daAuts
  Lair:4: 337 daAuts
